 Dungeon Crawl Stone Soup version 0.26-a0-712-ga5a9c9c9d0 (webtiles) character file.

Game seed: 6101534985987416786

120201 ringo67 the Unseen (level 17, -2/112 HPs)
             Began as a Kobold Brigand on Oct 31, 2020.
             Was the Champion of Kikubaaqudgha.
             Killed from afar by a rime drake (21 damage)
             ... with a flash freeze
             ... on level 6 of the Lair of Beasts on Nov 1, 2020.
             The game lasted 01:17:11 (26038 turns).

ringo67 the Unseen (Kobold Brigand)                Turns: 26038, Time: 01:17:12

Health: -2/112     AC:  0    Str: 10    XL:     17   Next: 36%
Magic:  18/21      EV: 30    Int: 13    God:    Kikubaaqudgha [******]
Gold:   1241       SH:  0    Dex: 21    Spells: 18/22 levels left

rFire    + . .     SeeInvis .   b - +9 rapier (pain)
rCold    + + +     Faith    .   (shield restricted)
rNeg     . . .     Spirit   .   H - +0 steam dragon scales
rPois    +         Reflect  .   R - +2 hat
rElec    .         Harm     .   c - +0 cloak
rCorr    .         Rampage  .   p - +1 pair of gloves
MR       +....                  s - +2 pair of boots of Poor Excuses {rF+ rC+++ Stlth-}
Stlth    ++++++++..             h - amulet of regeneration
HPRegen  0.68/turn              K - ring of stealth
MPRegen  0.17/turn              T - ring of poison resistance

@: corroded
A: small, nightstalker 3
a: Receive Corpses, Torment, Renounce Religion


You were on level 6 of the Lair of Beasts.
You worshipped Kikubaaqudgha.
Kikubaaqudgha was exalted by your worship.
You visited 3 branches of the dungeon, and saw 17 of its levels.
You also visited: Sewer, Ossuary and Volcano.

You collected 1241 gold pieces.

Inventory:

Hand Weapons
 a - a +3 dagger of flaming
 b - a +9 rapier of pain (weapon)
 I - a +2 scimitar of flaming
Missiles
 d - 40 poisoned darts (quivered)
 t - 2 atropa-tipped darts
 Q - 2 curare-tipped darts
Armour
 c - a +0 cloak (worn)
 p - a +1 pair of gloves (worn)
 s - the +2 pair of boots of Poor Excuses (worn) {rF+ rC+++ Stlth-}
   (You found it on level 7 of the Dungeon)

   It protects you from fire.
   It renders you almost immune to cold.
   It makes you less stealthy.
 A - a +2 leather armour of fire resistance
 H - +0 steam dragon scales (worn)
 O - +0 acid dragon scales
 R - a +2 hat (worn)
Jewellery
 h - an amulet of regeneration (around neck)
 C - an uncursed amulet of faith {unknown}
 D - an uncursed ring of protection from fire
 K - a ring of stealth (left hand)
 L - an uncursed ring of positive energy
 T - a ring of poison resistance (right hand)
 V - an uncursed amulet of the acrobat {unknown}
 W - an uncursed amulet of the acrobat {unknown}
 Z - an uncursed amulet of faith {unknown}
Wands
 u - a wand of polymorph (4)
 E - a wand of flame (26)
 F - a wand of disintegration (28)
 G - a wand of acid (22)
 P - a wand of random effects (17)
Scrolls
 e - 3 scrolls of magic mapping
 i - 9 scrolls of teleportation
 m - 6 scrolls of remove curse
 n - a scroll of enchant weapon
 r - a scroll of enchant armour
 y - 5 scrolls of fog
 z - a scroll of vulnerability
 B - a scroll of fear
 X - a scroll of identify
Potions
 f - 5 potions of lignification
 j - 2 potions of berserk rage
 k - 4 potions of heal wounds
 l - 4 potions of ambrosia
 o - 10 potions of curing
 q - 4 potions of flight
 v - 4 potions of brilliance
 w - 8 potions of stabbing
 x - 2 potions of haste
 J - a potion of mutation {unknown}
 M - 2 potions of magic
 U - a potion of invisibility
 Y - 2 potions of might
Miscellaneous
 g - a phial of floods
 N - a condenser vane (2/2)


   Skills:
 + Level 14.3 Fighting
 * Level 10.5 Short Blades
 - Level 2.1 Throwing
 - Level 6.1 Armour
 - Level 15.2 Dodging
 - Level 18.7 Stealth
 - Level 3.0 Spellcasting
 + Level 9.3 Necromancy
 + Level 2.2 Evocations


You had 18 spell levels left.
You knew the following spells:

 Your Spells              Type           Power        Failure   Level
a - Animate Skeleton      Necr           ####..       1%          1
b - Vampiric Draining     Necr           ####......   1%          3

Your spell library contained the following spells:

 Spells                   Type           Power        Failure   Level
 Pain                     Necr           ####         1%          1
 Sublimation of Blood     Necr           ####......   1%          2
 Dispel Undead            Necr           ####....     4%          4
 Agony                    Necr           ####....     14%         5
 Ignite Poison            Fire/Tmut/Pois #.......     56%         3
 Death Channel            Necr           ####......   61%         6
 Borgnjor's Vile Clutch   Necr/Erth      ##........   67%         5
 Petrify                  Tmut/Erth      #.......     92%         4
 Alistair's Intoxication  Tmut/Pois      #........    99%         5
 Fireball                 Conj/Fire      #.........   99%         5
 Irradiate                Conj/Tmut      #.........   99%         5
 Simulacrum               Ice/Necr       ##........   99%         6
 Eringya's Noxious Bog    Tmut/Pois      #.........   100%        6
 Starburst                Conj/Fire      #.........   100%        6
 Ignition                 Fire           #.........   100%        8


Dungeon Overview and Level Annotations

Branches:
Dungeon (10/15)            Temple (1/1) D:4            Lair (6/6) D:10
  Swamp (0/4) Lair:2        Snake (0/4) Lair:2        Slime (0/5) Lair:6
  Sewer (visited)         Ossuary (visited)         Volcano (visited)
    Orc: D:9-12

Altars:
Cheibriados
Dithmenos
Elyvilon
Gozag
Kikubaaqudgha
Makhleb
Nemelex Xobeh
Okawaru
Qazlal
Ru
Sif Muna
Trog
Uskayaw
Vehumet
Wu Jian
Xom
Yredelemnul
Zin
The Shining One
Jiyva

Annotations:
D:9 3 runed translucent doors, Ludicrosity's ghost, novice MiFi
D:10 2 runed translucent doors


Innate Abilities, Weirdness & Mutations

You are small and have problems with some larger weapons.
You are completely attuned to the shadows.


Message History

Casting: Vampiric Draining (safe; 1% risk of failure)
Confirm with . or Enter, or press ? or * to list all spells.
Aiming: Vampiric Draining (safe; 1% risk of failure)
Press: ? - help, Shift-Dir - straight line, f - acid blob
Aim: an acid blob (severely wounded)
The acid blob is severely wounded.
You feel life coursing into your body. The acid blob spits acid at you.
The splash of acid misses you. The acid blob hits you!!
* * * LOW HITPOINT WARNING * * *
You are splashed with acid!
* * * LOW HITPOINT WARNING * * *
You hear an angry hiss.
Press: ? - help, Dir - move target cursor, p - acid blob
As you read the scroll of blinking, it crumbles to dust.
A rime drake comes into view.
The rime drake breathes ice at you. The flash freeze hits you!!
You partially resist.
You die...
Kikubaaqudgha rasps: "You have failed me!
Welcome... death!"

.............##
.....P#.†.....#
...............
..........P....
....................
.................k.#
##... .......##
........## ..##
.P..@...P## .....#
... ..........#
...P.###..#
##.......####
#........##
###......#.##
#........#
##..#J....##
##........##
######....P#
.........#.#
#..J#.....##
...........#
#>._'..).##
........†...
#..[#....#


You could see an acid blob and a rime drake (catching breath).

Vanquished Creatures
  An acid blob (Lair:6)
  Gastronok (Lair:1)
  Snorg (D:10)
  3 fire dragons
  6 hydras
  Erica (D:9)
  A hell hog (Volcano)
  8 death yaks
  A two-headed ogre (D:9)
  Urug (Lair:1)
  A swamp dragon (Lair:6)
  Pikel (D:4)
  6 oklob plants
  3 cyclopes (D:8)
  A manticore (D:10)
  11 elephants (Lair:5)
  Maurice (D:9)
  4 black mambas
  A torpor snail (Lair:5)
  2 molten gargoyles (Volcano)
  15 cane toads
  Maggie (D:9)
  A komodo dragon (shapeshifter) (D:10)
  4 komodo dragons
  A rime drake (Lair:6)
  2 trolls
  Grinder (D:4)
  A hornet (Lair:6)
  A tyrant leech (Lair:2)
  8 blink frogs
  A vampire (D:10)
  A redback (Lair:6)
  9 wyverns
  31 yaks
  6 basilisks
  6 fire bats (Volcano)
  4 steam dragons
  4 acid dragons
  23 water moccasins
  2 hell hounds (Volcano)
  2 swamp drakes (Lair:6)
  6 orc warriors
  2 black bears (D:8)
  2 ice beasts
  2 phantoms
  3 sky beasts
  A necrophage (D:8)
  5 ogres
  3 centaurs
  17 wolves
  2 lemures (D:4)
  5 big kobolds
  An elf zombie (Ossuary)
  16 bullfrogs
  2 wyvern skeletons
  4 scorpions
  6 killer bees
  12 wights (D:8)
  A howler monkey (D:5)
  A crimson imp (D:7)
  A bullfrog zombie (D:9)
  2 lava snakes (Volcano)
  A human zombie (Ossuary)
  A quasit (D:10)
  8 hounds
  A jelly (D:10)
  4 orc priests
  3 bullfrog skeletons
  A centaur skeleton (D:10)
  7 hell rats (Lair:5)
  7 iguanas
  11 orc wizards
  10 worker ants
  3 big kobold zombies (Ossuary)
  4 hound skeletons
  2 mummies (Ossuary)
  6 gnolls
  A howler monkey skeleton (D:10)
  13 adders
  8 river rats (Sewer)
  2 white imps
  4 ufetubi
  2 oozes
  3 adder skeletons
  An adder zombie (Ossuary)
  5 worms
  2 dart slugs
  2 leopard geckos (D:3)
  49 orcs
  8 ball pythons
  2 giant cockroaches
  11 goblins
  7 hobgoblins
  11 jackals
  3 quokkas
  8 bats
  7 frilled lizards
  A goblin zombie (Ossuary)
  8 hobgoblin zombies (Ossuary)
  A jackal skeleton (D:3)
  2 jackal zombies (Ossuary)
  29 kobolds
  9 kobold zombies (Ossuary)
  10 orc zombies (Ossuary)
  A quokka skeleton (D:5)
  35 rats
  A rat zombie (Ossuary)
588 creatures vanquished.

Vanquished Creatures (collateral kills)
  A tyrant leech (Lair:2)
  A wyvern (D:10)
  A big kobold (D:10)
  A scorpion (D:9)
  A hound (D:9)
  2 kobolds (D:10)
7 creatures vanquished.

Vanquished Creatures (others)
  An unseen horror (D:10)
  3 bushes (Lair:1)
  30 fungi
  84 plants
118 creatures vanquished.

Grand Total: 713 creatures vanquished

Notes
Turn   | Place    | Note
-------+----------+-------------------------------------------
     0 | D:1      | ringo67 the Kobold Brigand began the quest for the Orb.
     0 | D:1      | Reached XP level 1. HP: 12/12 MP: 1/1
   243 | D:1      | Reached XP level 2. HP: 18/18 MP: 2/2
   744 | D:2      | Reached XP level 3. HP: 22/22 MP: 3/3
  1072 | D:2      | Reached XP level 4. HP: 19/27 MP: 4/4
  1167 | D:2      | Reached skill level 6 in Stealth
  1293 | D:2      | Found a bloodstained altar of Trog.
  1526 | D:3      | Found an ornate altar of the Wu Jian Council.
  1719 | D:3      | Reached XP level 5. HP: 23/32 MP: 5/5
  2382 | D:3      | Reached XP level 6. HP: 37/37 MP: 6/6
  2939 | D:4      | Noticed Grinder
  3117 | D:4      | Noticed Pikel
  3148 | D:4      | Killed Pikel
  3148 | D:4      | Reached skill level 5 in Short Blades
  3148 | D:4      | Reached skill level 7 in Stealth
  3148 | D:4      | Reached XP level 7. HP: 44/44 MP: 7/7
  3148 | D:4      | Reached XP level 8. HP: 48/48 MP: 8/8
  3254 | D:4      | Reached skill level 5 in Fighting
  3254 | D:4      | Reached skill level 5 in Dodging
  3254 | D:4      | Reached skill level 8 in Stealth
  3345 | D:4      | Found a glowing drain.
  3349 | Sewer    | Entered a sewer
  4239 | D:4      | Found a staircase to the Ecumenical Temple.
  4259 | D:4      | Killed Grinder
  4259 | D:4      | Reached skill level 9 in Stealth
  4395 | Temple   | Entered the Ecumenical Temple
  4645 | Temple   | Became a worshipper of Kikubaaqudgha
  4957 | D:5      | Entered Level 5 of the Dungeon
  5076 | D:5      | Reached XP level 9. HP: 55/55 MP: 9/9
  5180 | D:5      | Found a sand-covered staircase.
  5185 | Ossuary  | Entered an ossuary
  5264 | Ossuary  | Reached * piety under Kikubaaqudgha
  5264 | Ossuary  | Identified Kikubaaqudgha's Collected Works on Black Arts
                  | (Kikubaaqudgha gifted it to you in an ossuary)
  5264 | Ossuary  | Received a gift from Kikubaaqudgha
  5407 | Ossuary  | Reached skill level 1 in Necromancy
  5571 | D:5      | Found a stormy altar of Qazlal.
  5791 | D:5      | Reached ** piety under Kikubaaqudgha
  5878 | D:5      | Found a radiant altar of Vehumet.
  6702 | D:6      | Reached skill level 10 in Stealth
  6893 | D:6      | Found a snail-covered altar of Cheibriados.
  7712 | D:6      | Reached XP level 10. HP: 21/63 MP: 10/10
  8429 | D:7      | Learned a level 1 spell: Animate Skeleton
  8457 | D:7      | Reached *** piety under Kikubaaqudgha
  8457 | D:7      | Identified Kikubaaqudgha's Grimoire of Unholy Secrets
                  | (Kikubaaqudgha gifted it to you on level 7 of the Dungeon)
  8457 | D:7      | Received a gift from Kikubaaqudgha
  8503 | D:7      | You fall into a shaft and drop 2 floors!
  8536 | D:9      | Reached skill level 11 in Stealth
  8625 | D:9      | Found an opulent altar of Gozag.
  8922 | D:8      | Noticed a cyclops
  9084 | D:7      | Got a pair of faintly humming boots
  9085 | D:7      | Identified the +2 pair of boots of Poor Excuses {rF+ rC+++
                  | Stlth-} (You found it on level 7 of the Dungeon)
  9841 | D:7      | Reached skill level 5 in Necromancy
 10114 | D:8      | Killed a cyclops
 10536 | D:8      | Found a shimmering altar of Xom.
 10578 | D:8      | Reached XP level 11. HP: 69/69 MP: 11/11
 10587 | D:8      | Reached skill level 12 in Stealth
 10601 | D:8      | Reached **** piety under Kikubaaqudgha
 10685 | D:8      | Found an iron altar of Okawaru.
 10686 | D:8      | Noticed a cyclops
 10725 | D:8      | Killed a cyclops
 10851 | D:8      | Found a burning altar of Makhleb.
 11119 | D:8      | Noticed a cyclops
 11395 | D:8      | Killed a cyclops
 11507 | D:9      | Noticed a two-headed ogre
 11513 | D:9      | Killed a two-headed ogre
 11513 | D:9      | Reached skill level 13 in Stealth
 11623 | D:9      | Noticed Maurice
 11723 | D:8      | Reached skill level 10 in Dodging
 11967 | D:9      | Noticed Maggie
 11992 | D:9      | Killed Maggie
 12102 | D:9      | Found a runed translucent gate.
 12102 | D:9      | Noticed Ludicrosity's ghost (novice MiFi)
 12103 | D:9      | Found a runed translucent gate.
 12103 | D:9      | Noticed an 11-headed hydra
 12104 | D:9      | Found a runed translucent gate.
 12215 | D:9      | Noticed Erica
 12218 | D:9      | Killed Erica
 12225 | D:9      | Found a basalt altar of Yredelemnul.
 12337 | D:9      | Killed Maurice
 12438 | D:9      | Found a white marble altar of Elyvilon.
 12846 | D:10     | Entered Level 10 of the Dungeon
 12913 | D:10     | Noticed Snorg
 12927 | D:10     | Killed Snorg
 12927 | D:10     | Reached skill level 14 in Stealth
 12927 | D:10     | Reached XP level 12. HP: 63/77 MP: 12/12
 12975 | D:10     | Found a large runed translucent door.
 12975 | D:10     | Found a large runed translucent door.
 12986 | D:10     | Found a large runed translucent door.
 12986 | D:10     | Found a large runed translucent door.
 13066 | D:10     | Reached skill level 10 in Fighting
 13273 | D:10     | Found a shimmering altar of Xom.
 13393 | D:9      | Reached ***** piety under Kikubaaqudgha
 13915 | D:10     | Found a staircase to the Lair.
 14068 | D:10     | Noticed a fire dragon
 14071 | D:10     | Killed an unseen horror
 14398 | D:10     | Found a runed translucent door.
 14433 | D:10     | Reached skill level 15 in Stealth
 14836 | D:10     | Killed a fire dragon
 15233 | Lair:1   | Entered Level 1 of the Lair of Beasts
 15233 | Lair:1   | Noticed Gastronok
 15238 | Lair:1   | Killed Gastronok
 15733 | Lair:1   | Reached skill level 16 in Stealth
 16026 | Lair:1   | Noticed Urug
 16098 | Lair:1   | Killed Urug
 16425 | Lair:1   | Reached XP level 13. HP: 62/84 MP: 13/13
 16781 | Lair:2   | Found a staircase to the Snake Pit.
 17278 | Lair:2   | Noticed a seven-headed hydra
 17282 | Lair:2   | Killed a seven-headed hydra
 17292 | Lair:2   | Reached skill level 1 in Armour
 17293 | Lair:2   | Noticed a four-headed hydra
 17458 | Lair:2   | Killed a four-headed hydra
 17754 | Lair:2   | Found a staircase to the Swamp.
 18103 | Lair:3   | Noticed a five-headed hydra
 18134 | Lair:2   | Killed a five-headed hydra
 19151 | Lair:3   | Reached skill level 17 in Stealth
 19151 | Lair:3   | Reached XP level 14. HP: 92/92 MP: 14/14
 19152 | Lair:3   | Reached XP level 15. HP: 97/97 MP: 15/15
 19157 | Lair:3   | Identified the cursed +2 whip of the Wilderness {freeze,
                  | +Fly rPois rC++ Str+2} (You found it on level 3 of the Lair
                  | of Beasts)
 19233 | Lair:3   | Reached skill level 18 in Stealth
 20099 | Lair:2   | Reached skill level 5 in Armour
 20788 | Lair:4   | Found a dark tunnel.
 20793 | Volcano  | Entered a volcano
 21191 | Volcano  | Found a burning altar of Makhleb.
 21359 | Volcano  | Learned a level 3 spell: Vampiric Draining
 21515 | Volcano  | Reached XP level 16. HP: 104/104 MP: 16/16
 21664 | Lair:4   | Reached skill level 1 in Spellcasting
 24122 | Lair:5   | Reached ****** piety under Kikubaaqudgha
 24259 | Lair:5   | Identified a +5 rapier of pain (a +3 rapier of speed
                  | bloodied by Kikubaaqudgha)
 24259 | Lair:5   | Received a gift from Kikubaaqudgha
 24363 | Lair:6   | Entered Level 6 of the Lair of Beasts
 24498 | Lair:6   | Reached skill level 15 in Dodging
 24546 | Lair:6   | Reached XP level 17. HP: 111/111 MP: 21/21
 25402 | Lair:6   | Reached skill level 10 in Short Blades
 25402 | Lair:6   | Reached skill level 1 in Evocations
 25943 | Lair:6   | Found the +1 cloak of Starlight {rElec rC+ EV+4 Stlth--}
 25998 | Lair:6   | Found a runed translucent door.
 25998 | Lair:6   | Found a viscous altar of Jiyva.
 25998 | Lair:6   | Noticed an acid blob
 25999 | Lair:6   | Noticed an acid blob
 26021 | Lair:6   | Found a staircase to the Slime Pits.
 26024 | Lair:6   | Killed an acid blob
 26038 | Lair:6   | Killed from afar by a rime drake

Illustrated notes

Levels and vault maps discovered:
D:1:      nicolae_arrival_somewhat_less_tricky_arrival, layout_loops_ring,
          minmay_strange_pillars
D:2:      layout_rooms, lightli_temple_of_fire, serial_corexii_hall,
          corexii_hall_statues_deadend, corexii_hall_statues_l
D:3:      minmay_thinvault, layout_basic, overflow_temple_1_default,
          serial_undead, serial_undead_d, serial_undead_c, serial_undead_d,
          serial_undead_e, serial_undead_d, serial_undead_a, chequers_big_river
D:4:      layout_basic, minmay_temple_entry_fiery, portal_sewer_entry_e,
          uniq_pikel, uniq_grinder
D:5:      layout_basic, basic_altar, enter_ossuary_2,
          nicolae_qazlal_style_of_elements
D:6:      layout_cave_pods, cheibrodos_worm_habitat
D:7:      layout_basic, minmay_fire_ice_demons
D:8:      layout_loops_cross, makhleb_heckhound_becter, okawaru_gym_becter,
          basic_altar, small_chamber_with_monster
D:9:      layout_grid_maze, yredelemnul_altar_generic, marbit_many_paths,
          nicolae_overflow_crystal_walls, gammafunk_ghost_hydra_chop,
          uniq_maggie, uniq_maurice, uniq_erica
D:10:     layout_cave_pods, lair_entry_dummy, basic_altar, minmay_st_funbox,
          minmay_hollow_rounded_squares, uniq_snorg
Temple:   minmay_temple_curvy_branch
Lair:1:   layout_roguey, serial_forest, infiniplex_forest_lined_2,
          infiniplex_forest_lined_room_3, infiniplex_forest_lined_4_way,
          infiniplex_forest_clump_tiny, uniq_urug, uniq_gastronok
Lair:2:   layout_roguey, palyth_hydra_swamp_entry, dummy_snake_entry,
          minmay_lindwurm_lava, minmay_lair_oklob_chamber
Lair:3:   dpeg_oklob_shooting_range, layout_hall_layers, lemuel_fruit_fields
Lair:4:   layout_roguey, nicolae_volcano_entry_lava_flow, st_stairs_5,
          chequers_serial_rivers_small_3, infiniplex_staircase_pool,
          grunt_megastairs_1
Lair:5:   layout_roguey, columned_hall_lemuel
Lair:6:   guppyfry_lair_end_dragon, layout_misc_corridors,
          hangedman_lair_tendril_chambers, slime_altar_2

Skill      XL: |  1  2  3  4  5  6  7  8  9 10 11 12 13 14 15 16 17 |
---------------+----------------------------------------------------+-----
Short Blades   | 3 4 5 7 8 10 | 10.5
Dodging        | 2 3 4 6 7 9 10 11 12 13 14 15 | 15.2
Fighting       | 3 4 6 7 8 9 11 12 13 14 | 14.3
Stealth        | 6 7 9 10 11 14 16 17 18 | 18.7
Necromancy     | 3 5 6 7 8 9 |  9.3
Armour         | 3 4 6 |  6.1
Spellcasting   | 3 |  3.0
Evocations     | 2 |  2.2
Throwing       | |  2.1

Action                   |  1- 3 |  4- 6 |  7- 9 | 10-12 | 13-15 | 16-18 || total
-------------------------+-------+-------+-------+-------+-------+-------++-------
Melee: Dagger            |    85 |   115 |    39 |    81 |     3 |       ||   323
       Rapier            |       |    84 |   486 |   879 |   361 |  1096 ||  2906
Throw: Dart              |     9 |    17 |    35 |   115 |    12 |       ||   188
       Throwing net      |       |       |       |     1 |       |       ||     1
 Cast: Animate Skeleton  |       |       |       |    22 |     1 |       ||    23
       Vampiric Draining |       |       |       |       |     5 |    60 ||    65
Invok: Receive Corpses   |       |       |       |     2 |       |       ||     2
       Brand Weapon With |       |       |       |       |       |     1 ||     1
Evoke: Wand              |       |       |       |     2 |     8 |       ||    10
       Condenser vane    |       |       |       |     2 |     1 |       ||     3
  Use: Scroll            |       |    11 |       |    14 |     9 |     9 ||    43
       Potion            |       |       |       |     2 |     3 |       ||     5
 Stab: Sleeping          |    15 |    32 |    43 |    47 |     9 |    18 ||   164
       Distracted        |     1 |       |     1 |     4 |     3 |     3 ||    12
       Confused          |       |       |       |     2 |     2 |     1 ||     5
Armor: Robe              |    16 |    18 |     2 |       |       |       ||    36
       Leather armour    |       |       |    69 |    11 |       |       ||    80
       Troll leather arm |       |       |       |    41 |       |       ||    41
       Steam dragon scal |       |       |       |   100 |    25 |   178 ||   303
       Acid dragon scale |       |       |       |       |     9 |       ||     9
Dodge: Dodged            |    64 |    84 |   364 |   738 |   212 |  1069 ||  2531

Table legend: (Time is in decaauts)
 A = Elapsed time spent in this place.
 B = Non-inter-level travel time spent in this place.
 C = Inter-level travel time spent in this place.
 D = Time resting spent in this place.
 E = Time spent auto-exploring this place.
 F = Levels seen in this place.
 G = Mean time per level.
                   A        B        C        D        E       F      G
               +--------+--------+--------+--------+--------+-----+--------+
         Total |  24734 |  24091 |    643 |   5629 |  11913 |  20 | 1236.7 |
       Dungeon |  13606 |  13223 |    383 |   2558 |   7370 |  10 | 1360.6 |
        Temple |    272 |    251 |     21 |      0 |    173 |   1 |  272.0 |
          Lair |   9435 |   9196 |    239 |   2943 |   3975 |   6 | 1572.5 |
         Sewer |    420 |    420 |      0 |      0 |    234 |   1 |  420.0 |
       Ossuary |    283 |    283 |      0 |      0 |     97 |   1 |  283.0 |
       Volcano |    715 |    715 |      0 |    127 |     63 |   1 |  715.0 |
               +--------+--------+--------+--------+--------+-----+--------+

Top non-repeatable levels by time:
  Lair:2: 2824 daAuts
    D:10: 2179 daAuts
  Lair:5: 1592 daAuts
     D:7: 1510 daAuts
     D:9: 1487 daAuts
     D:8: 1445 daAuts
     D:5: 1445 daAuts
     D:6: 1393 daAuts
     D:3: 1376 daAuts
  Lair:1: 1363 daAuts
  Lair:6: 1281 daAuts
     D:4: 1270 daAuts
  Lair:4: 1237 daAuts
  Lair:3: 1137 daAuts
     D:2: 775 daAuts
